 Dungeon Crawl Stone Soup version 0.25-a0-1079-g858b6a6ff6 (webtiles) character file.

Game seed: 5393608464699213144, levelgen mode: classic

280586 EnegeticOcto the Slayer (level 19, -4/190 HPs)
             Began as a Minotaur Fighter on May 15, 2020.
             Was an Initiate of Gozag.
             Slain by Mennas
             ... wielding a +4 trishula of holy wrath
              (22 damage)
             ... on level 3 of the Vaults.
             The game lasted 00:28:10 (43809 turns).

EnegeticOcto the Slayer (Minotaur Fighter)         Turns: 43809, Time: 00:28:11

Health: -4/190     AC: 30    Str: 30    XL:     19   Next: 68%
Magic:  26/26      EV: 14    Int:  5    God:    Gozag
Gold:   11987      SH: 27    Dex:  9    Spells: 18/18 levels left

rFire    + . .     SeeInvis .   a - +7 broad axe (elec)
rCold    + . .     Gourm    .   R - +0 tower shield
rNeg     . . .     Faith    .   X - +0 storm dragon scales
rPois    .         Spirit   .   I - +2 hat {MR+}
rElec    +         Reflect  +   x - +2 cloak {MR+}
rCorr    .         Harm     .   y - +2 pair of gloves
MR       +++..                  t - +2 pair of boots
Stlth    ..........             J - amulet of reflection
HPRegen  0.41/turn              f - ring of protection from cold
MPRegen  0.20/turn              Q - ring of protection from fire

@: berserk cooldown, slowed, glowing, very slow
A: retaliatory headbutt, horns 2
}: 2/15 runes: barnacled, gossamer
a: Potion Petition, Call Merchant, Bribe Branch, Renounce Religion


You were on level 3 of the Vaults.
You worshipped Gozag.
Gozag was extremely pleased with you.
You were not hungry.

You visited 6 branches of the dungeon, and saw 34 of its levels.
You visited the Abyss 1 time.
You also visited: Gauntlet.

You collected 15629 gold pieces.
You spent 2382 gold pieces at shops.
You paid 1260 gold pieces to Gozag.

Inventory:

Hand Weapons
 a - a +7 broad axe of electrocution (weapon)
Missiles
 E - 5 throwing nets (quivered)
Armour
 c - a +2 plate armour of poison resistance
 t - a +2 pair of boots (worn)
 x - a +2 cloak of magic resistance (worn)
 y - a +2 pair of gloves (worn)
 I - a +2 hat of magic resistance (worn)
 R - a +0 tower shield (worn)
 X - +0 storm dragon scales (worn)
Jewellery
 f - a ring of protection from cold (left hand)
 J - an amulet of reflection (around neck)
 Q - a ring of protection from fire (right hand)
 Y - the ring of Arrival {rPois MR+}
   (You took it off an ironbrand convoker on level 1 of the Vaults)

   [ring of protection from magic]

   It protects you from poison.
   It affects your resistance to hostile enchantments.
Wands
 d - a wand of polymorph (32)
 h - a wand of acid (8) {@v1}
 l - a wand of digging (4) {@v2}
 z - a wand of clouds (4)
 A - a wand of flame (19) {@v3}
 B - a wand of iceblast (7)
 C - a wand of disintegration (34)
 D - a wand of paralysis (13)
Scrolls
 b - a scroll of enchant weapon
 g - 5 scrolls of magic mapping {@r5}
 i - 3 scrolls of teleportation {@r2}
 p - 11 scrolls of remove curse {@r6}
 F - 2 scrolls of fear
 H - 2 scrolls of blinking {@r3}
 K - 4 scrolls of immolation {@r4}
 N - a scroll of fog
 S - a scroll of summoning
 T - 7 scrolls of enchant armour
 U - a scroll of brand weapon
 V - 3 scrolls of identify {@r1}
Potions
 j - a potion of stabbing {@q5}
 k - 3 potions of might {@q3}
 m - 2 potions of resistance {@q6}
 n - 7 potions of haste {@q4}
 o - 3 potions of cancellation
 q - 6 potions of heal wounds {@q2}
 r - 4 potions of ambrosia
 s - 8 potions of flight
 v - a potion of berserk rage
 w - 4 potions of curing {@q1}
 G - 5 potions of lignification {@q7}
 L - a potion of invisibility
 P - a potion of mutation
Miscellaneous
 u - a phantom mirror
 M - a tin of tremorstones (inert)
 O - a box of beasts
Comestibles
 e - 17 rations


   Skills:
 * Level 21.6 Fighting
 - Level 18.0 Axes
 + Level 16.3 Armour
 + Level 14.9 Dodging
 + Level 16.3 Shields
 + Level 11.3 Evocations


You had 18 spell levels left.
You didn't know any spells.
Your spell library contained the following spells:

 Spells                   Type           Power        Failure   Level  Hunger
 Animate Skeleton         Necr           N/A          99%         1    ##.....
 Apportation              Tloc           #.....       99%         1    ##.....
 Beastly Appendage        Tmut           #.....       99%         1    ##.....
 Corona                   Hex            #......      99%         1    ##.....
 Foxfire                  Conj/Fire      #...         99%         1    ##.....
 Magic Dart               Conj           #...         99%         1    ##.....
 Pain                     Necr           #...         99%         1    ##.....
 Sandblast                Erth           #.....       99%         1    ##.....
 Shock                    Conj/Air       #...         99%         1    ##.....
 Summon Butterflies       Summ           #.......     99%         1    ##.....
 Summon Small Mammal      Summ           #...         99%         1    ##.....
 Blink                    Tloc           N/A          100%        2    ###....
 Call Imp                 Summ           #.......     100%        2    ###....
 Corpse Rot               Necr/Air       N/A          100%        2    ###....
 Passwall                 Tmut/Erth      #.......     100%        2    ###....
 Slow                     Hex            #.......     100%        2    ###....
 Sticks to Snakes         Tmut           #.......     100%        2    ###....
 Sublimation of Blood     Necr           #.........   100%        2    ###....
 Swiftness                Chrm/Air       #.......     100%        2    ###....
 Call Canine Familiar     Summ           #.......     100%        3    ####...
 Confusing Touch          Hex            #.......     100%        3    ####...
 Conjure Flame            Conj/Fire      #.......     100%        3    ####...
 Gell's Gravitas          Tloc           #.........   100%        3    ####...
 Inner Flame              Hex/Fire       #.......     100%        3    ####...
 Lesser Beckoning         Tloc           #.........   100%        3    ####...
 Mephitic Cloud           Conj/Pois/Air  #.......     100%        3    ####...
 Portal Projectile        Hex/Tloc       #.....       100%        3    ####...
 Recall                   Summ/Tloc      N/A          100%        3    ####...
 Spider Form              Tmut/Pois      #.........   100%        3    ####...
 Static Discharge         Conj/Air       #.......     100%        3    ####...
 Summon Guardian Golem    Hex/Summ       #.......     100%        3    ####...
 Tukima's Dance           Hex            #.......     100%        3    ####...
 Vampiric Draining        Necr           #.........   100%        3    ####...
 Airstrike                Air            #.........   100%        4    #####..
 Animate Dead             Necr           N/A          100%        4    #####..
 Cause Fear               Hex            #.........   100%        4    #####..
 Dispel Undead            Necr           #.......     100%        4    #####..
 Ice Form                 Ice/Tmut       #.......     100%        4    #####..
 Leda's Liquefaction      Hex/Erth       #.........   100%        4    #####..
 Passage of Golubria      Tloc           N/A          100%        4    #####..
 Petrify                  Tmut/Erth      #.......     100%        4    #####..
 Summon Ice Beast         Ice/Summ       #.......     100%        4    #####..
 Summon Lightning Spire   Summ/Air       #.......     100%        4    #####..
 Agony                    Necr           #.......     100%        5    ######.
 Alistair's Intoxication  Tmut/Pois      #.......     100%        5    ######.
 Aura of Abjuration       Summ           #.........   100%        5    ######.
 Blade Hands              Tmut           #.........   100%        5    ######.
 Bolt of Magma            Conj/Fire/Erth #.........   100%        5    ######.
 Borgnjor's Vile Clutch   Necr/Erth      #.........   100%        5    ######.
 Excruciating Wounds      Chrm/Necr      #.........   100%        5    ######.
 Lee's Rapid Deconstruct  Erth           #.........   100%        5    ######.
 Lightning Bolt           Conj/Air       #.........   100%        5    ######.
 Metabolic Englaciation   Hex/Ice        #.........   100%        5    ######.
 Silence                  Hex/Air        #.........   100%        5    ######.
 Summon Demon             Summ           #.........   100%        5    ######.
 Summon Forest            Summ/Tloc      #.........   100%        5    ######.
 Summon Mana Viper        Hex/Summ       #.......     100%        5    ######.
 Yara's Violent Unravell  Hex/Tmut       #.........   100%        5    ######.
 Darkness                 Hex            #.........   100%        6    #######
 Death Channel            Necr           #.........   100%        6    #######
 Freezing Cloud           Conj/Ice/Air   #.........   100%        6    #######
 Invisibility             Hex            #.......     100%        6    #######
 Iron Shot                Conj/Erth      #.........   100%        6    #######
 Ozocubu's Refrigeration  Ice            #.........   100%        6    #######
 Shadow Creatures         Summ           N/A          100%        6    #######
 Simulacrum               Ice/Necr       #.........   100%        6    #######
 Statue Form              Tmut/Erth      #........    100%        6    #######
 Discord                  Hex            #.........   100%        8    #######
 Ignition                 Fire           #.........   100%        8    #######
 Shatter                  Erth           #.........   100%        9    #######
 Tornado                  Air            #.........   100%        9    #######


Dungeon Overview and Level Annotations

Branches:
Dungeon (15/15)            Temple (0/1) D:6            Lair (6/6) D:8
 Shoals (4/4) Lair:4       Spider (4/4) Lair:4        Slime (0/5) Lair:5
    Orc (2/2) D:11            Elf (0/3) Orc:2        Vaults (3/5) D:14
  Crypt (0/3) Vaults:2     Depths (0/5) D:15        Gauntlet (visited)

Altars:
Elyvilon
Fedhas
Gozag
Kikubaaqudgha
Nemelex Xobeh
Okawaru
Ru
Sif Muna
Trog
Uskayaw
Vehumet
Zin

Shops:
D:8 *   D:14 [[(=!   Orc:1 :   Orc:2 ([[[   Shoals:2 =   Spider:1 =*
Vaults:1 [[}%   Vaults:2 ?

Annotations:
D:4 exclusion: statue
D:5 3 runed translucent doors, Lovchig's ghost, novice DDFi
D:14 Roxanne
Lair:2 1 runed translucent door, Xaosum's ghost, journeyman OgFE
Orc:2 3 runed translucent doors, Prakerore's ghost, journeyman FeEE; Yorgos's ghost, journeyman GnFi
Vaults:2 3 runed translucent doors, Foufiw's ghost, adept DENe
Vaults:3 Mennas


Innate Abilities, Weirdness & Mutations

You reflexively headbutt those who attack you in melee.
You have a pair of horns on your head.


Message History

Mennas is no longer distracted by gold.
Your headbutt misses Mennas.
Mennas is severely wounded.
You block Mennas's attack. Mennas hits you but does no damage.
Mennas blocks your attack.
Mennas is severely wounded.
Your juvenile stingshock beast misses Mennas.
Your juvenile stingshock beast completely misses Mennas.
You closely miss Mennas.
Mennas is severely wounded.
Mennas shakes his head sadly.
Mennas gestures frantically.
Mennas's surroundings become eerily quiet.
You hit Mennas. Your headbutt misses Mennas.
Mennas is severely wounded.
Mennas hits you with a +4 trishula of holy wrath.
You block Mennas's attack.
Mennas blocks your juvenile stingshock beast's attack. x2
You miss Mennas. Your headbutt misses Mennas.
Mennas is severely wounded.
You block Mennas's attack. x2
Mennas blocks your attack.
Your headbutt misses Mennas.
Mennas is severely wounded.
Mennas blocks your juvenile stingshock beast's attack.
Your juvenile stingshock beast misses Mennas.
You closely miss Mennas. Your headbutt misses Mennas.
Mennas is severely wounded.
Mennas becomes distracted by the nearby gold, dreaming of imaginary riches.
Mennas blocks your attack.
Mennas is severely wounded.
Your juvenile stingshock beast seems less confused.
Your juvenile stingshock beast misses Mennas.
Mennas blocks your juvenile stingshock beast's attack.
Mennas is no longer distracted by gold.
Mennas hits your juvenile stingshock beast with a +4 trishula of holy wrath!!
Your juvenile stingshock beast dies!
Your juvenile stingshock beast's corpse disappears in a puff of smoke!
Mennas blocks your attack.
Mennas is severely wounded.
You catch the helpless Mennas completely off-guard!
You hit Mennas but do no damage. Your headbutt misses Mennas.
Mennas is severely wounded.
You are no longer berserk.
You are exhausted.
You feel yourself slow down. You block Mennas's attack.
Mennas hits you with a +4 trishula of holy wrath.
Mennas blocks your attack.
Your headbutt misses Mennas.
Mennas is severely wounded.
You block Mennas's attack. x2
Mennas blocks your attack.
Your headbutt misses Mennas.
Mennas is severely wounded.
Mennas hits you with a +4 trishula of holy wrath!
You block Mennas's attack.
Mennas hits you with a +4 trishula of holy wrath!!
* * * LOW HITPOINT WARNING * * *
You block Mennas's attack. Mennas blocks your attack.
Mennas is severely wounded.
You block Mennas's attack. Mennas hits you but does no damage.
You block Mennas's attack. Mennas hits you but does no damage.
Mennas blocks your attack.
Mennas is severely wounded.
Mennas becomes audible again.
You block Mennas's attack. x2
Mennas blocks your attack.
Mennas is severely wounded.
Mennas hits you with a +4 trishula of holy wrath!
* * * LOW HITPOINT WARNING * * *
Mennas hits you with a +4 trishula of holy wrath.
* * * LOW HITPOINT WARNING * * *
Mennas is caught in a moment of prayer.
Mennas gestures frantically.
You resist with almost no effort. Mennas blocks your attack.
Mennas is severely wounded.
Mennas gestures frantically.
You resist with almost no effort.
You closely miss Mennas.
Mennas is severely wounded.
Mennas hits you but does no damage. You block Mennas's attack. x3
Mennas blocks your attack.
Your headbutt misses Mennas.
Mennas is severely wounded.
You block Mennas's attack. x2
You miss Mennas. Your headbutt misses Mennas.
Mennas is severely wounded.
You block Mennas's attack. x2
Mennas gestures frantically.
Mennas is healed somewhat.
Mennas blocks your attack.
Your headbutt misses Mennas.
Mennas is heavily wounded.
Mennas looks to the heavens.
You block Mennas's attack. x2; Mennas hits you but does no damage.
You block Mennas's attack.
You slice Mennas!! Your headbutt misses Mennas.
Mennas is severely wounded.
Mennas hits you with a +4 trishula of holy wrath!
* * * LOW HITPOINT WARNING * * *
Mennas hits you but does no damage. Mennas blocks your attack.
Mennas is severely wounded.
You block Mennas's attack. x2
Mennas hits you with a +4 trishula of holy wrath!!
You die...
Your body crumbles into a pile of gold.

#. ### #. #.#
#.###.### .
#...#(.)# ..
#...#$### ...
#......$# ....
#.<...###.....
#....$A..)....
######@######
#......#
#......#
#......#
#......# $
#......#
#......#
########


You could see Mennas.

Vanquished Creatures
  Bai Suzhen (Spider:3)
  Arachne (Spider:2)
  Rupert (D:14)
  Frances (Shoals:2)
  A tentacled starspawn (Abyss:2)
  A kraken (Shoals:4)
  A storm dragon (Vaults:2)
  Kirke (Shoals:3)
  Donald (Orc:2)
  4 vault wardens
  2 ghost moths
  2 frost giants (Vaults:1)
  Aizul (Vaults:1)
  10 emperor scorpions
  2 fire giants
  An orc warlord (Orc:1)
  A ghoul (Vaults:1)
  Nessos (D:15)
  4 stone giants
  9 ironheart preservers
  5 entropy weavers
  3 spark wasps
  A deep elf demonologist (Vaults:1)
  A red draconian (Vaults:1)
  A minotaur (Gauntlet)
  A yellow draconian (Vaults:1)
  A deep elf death mage (Vaults:2)
  Snorg (Lair:4)
  3 merfolk javelineers (Shoals:4)
  5 merfolk impalers
  6 ettins
  A fire dragon (Vaults:1)
  2 yaktaur captains
  Fannar (Orc:1)
  A deep elf high priest (Vaults:1)
  3 great orbs of eyes (Vaults:1)
  11 vault guards (Vaults:1)
  A rakshasa (Vaults:2)
  7 hydras
  An ice dragon (Vaults:1)
  4 alligator snapping turtles (Shoals:4)
  3 merfolk aquamancers
  4 merfolk avatars
  2 satyrs
  2 catoblepae
  3 centaur warriors
  20 two-headed ogres
  A deep troll earth mage (Vaults:2)
  4 death yaks (Lair:6)
  2 deep troll shamans
  7 ogre magi
  2 death knights
  A tengu warrior (Shoals:3)
  A satyr (shapeshifter) (Vaults:2)
  A vampire mage (Vaults:2)
  An orc high priest (Orc:1)
  3 deep elf knights (Vaults:2)
  6 skeletal warriors
  5 unseen horrors
  2 unseen horrors (shapeshifter)
  3 deep trolls (Vaults:2)
  11 sea snakes
  2 wizards
  6 ironbrand convokers
  16 harpies
  4 deep elf archers
  A phantasmal warrior (Vaults:2)
  Pikel (D:8)
  5 orc knights
  A deep elf mage (Vaults:2)
  A necromancer (D:14)
  An orc sorcerer (Vaults:1)
  29 wolf spiders
  A moth of wrath (Spider:4)
  14 ugly things
  7 fauns
  5 cyclopes
  10 manticores
  17 orb spiders
  16 elephants
  6 black mambas
  Maurice (D:8)
  2 water nymphs
  13 merfolk sirens
  3 torpor snails
  10 vault sentinels
  11 spiny frogs
  Joseph (D:9)
  3 gargoyles
  Psyche (D:11)
  2 rime drakes
  Maggie (D:6)
  5 freezing wraiths
  5 yaktaurs
  A minotaur zombie (Gauntlet)
  11 demonic crawlers
  5 komodo dragons
  2 tengu conjurers
  36 jumping spiders
  A tyrant leech (Gauntlet)
  A troll (shapeshifter) (D:15)
  3 meliai (D:15)
  A polar bear (Lair:6)
  4 wind drakes
  19 merfolk
  8 trolls
  A polar bear (shapeshifter) (Vaults:1)
  6 hornets
  Prince Ribbit (D:6)
  10 slime creatures
  A hippogriff (shapeshifter) (D:14)
  10 dream sheep
  7 hippogriffs
  A centaur simulacrum (D:13)
  A frost giant simulacrum (Vaults:2)
  8 snapping turtles
  A shadow (D:15)
  86 redbacks
  2 wraiths
  39 tarantellas
  A ynoxinul (Abyss:2)
  A tarantella (shapeshifter) (Vaults:1)
  A wyvern (Lair:1)
  3 vampires
  49 yaks
  5 hogs (Shoals:3)
  6 water elementals
  3 hungry ghosts
  2 basilisks
  8 vampire mosquitoes
  2 steam dragons
  A soldier ant (D:12)
  2 swamp worms (Gauntlet)
  4 acid dragons
  6 wargs
  12 water moccasins
  21 porcupines
  4 ice beasts
  40 orc warriors
  6 black bears
  A slave (D:8)
  An eye of draining (Vaults:1)
  25 ogres
  7 sky beasts
  2 phantoms (D:12)
  26 wolves
  25 centaurs
  7 crocodiles
  A big kobold (D:10)
  Blork the orc (D:6)
  17 bullfrogs
  A wyvern zombie (D:10)
  An ogre simulacrum (Vaults:1)
  6 scorpions
  A wyvern skeleton (D:12)
  A human simulacrum (Vaults:2)
  4 killer bees (D:12)
  5 howler monkeys
  A vampire bat (Orc:2)
  10 wights
  An electric eel (Spider:4)
  6 crimson imps
  2 quasits (D:11)
  14 orc priests
  3 centaur zombies
  4 bullfrog zombies
  4 centaur skeletons
  6 jellies
  4 hounds
  A bullfrog skeleton (D:8)
  Jessica (D:15)
  2 iguanas
  Natasha (thrice) (D:4)
  25 orc wizards
  12 worker ants
  A hound skeleton (D:9)
  2 worker ant zombies
  9 adders
  2 shadow imps
  5 worms
  A dart slug (D:3)
  8 leopard geckos
  87 orcs
  14 bats
  11 giant cockroaches
  3 goblins
  5 hobgoblins
  13 jackals
  7 quokkas
  A ball python (D:2)
  4 frilled lizards
  A jackal zombie (D:5)
  13 kobolds
  4 rats
  A bush (D:9)
  9 fungi
  11 plants
  A starspawn tentacle (Abyss:2)
  A tentacle (Shoals:4)
1279 creatures vanquished.

Vanquished Creatures (others)
  A merfolk javelineer (Shoals:4)
  A merfolk avatar (Shoals:4)
  A harpy (Shoals:4)
  A tarantella (Spider:2)
  A hog (Shoals:3)
  9 fungi
  A lurking horror (Abyss:2)
  14 plants
  A starspawn tentacle (Abyss:2)
  4 tentacles (Shoals:4)
34 creatures vanquished.

Grand Total: 1313 creatures vanquished

Notes
Turn   | Place    | Note
-------+----------+-------------------------------------------
     0 | D:1      | EnegeticOcto the Minotaur Fighter began the quest for the
                  | Orb.
     0 | D:1      | Reached XP level 1. HP: 19/19 MP: 0/0
   201 | D:1      | Reached XP level 2. HP: 27/27 MP: 1/1
   241 | D:1      | Reached skill level 4 in Fighting
   857 | D:1      | Reached XP level 3. HP: 33/33 MP: 2/2
   940 | D:2      | Found a shimmering blue altar of Sif Muna.
  1076 | D:2      | Reached skill level 1 in Dodging
  1076 | D:2      | Reached XP level 4. HP: 41/41 MP: 3/3
  1120 | D:2      | Found a white marble altar of Elyvilon.
  1720 | D:3      | Reached skill level 5 in Fighting
  1720 | D:3      | Reached XP level 5. HP: 36/48 MP: 4/4
  2313 | D:4      | Noticed an ogre
  2320 | D:4      | Killed an ogre
  2320 | D:4      | Reached XP level 6. HP: 56/56 MP: 5/5
  2325 | D:4      | Noticed Natasha
  2334 | D:4      | Killed Natasha
  2447 | D:4      | Reached skill level 5 in Axes
  2616 | D:4      | Noticed Natasha
  2620 | D:4      | Killed Natasha
  2735 | D:4      | Found a radiant altar of Vehumet.
  2759 | D:4      | Noticed Natasha
  2763 | D:4      | Killed Natasha
  2784 | D:4      | Found an opulent altar of Gozag.
  2788 | D:4      | Reached skill level 6 in Fighting
  2788 | D:4      | Reached XP level 7. HP: 63/63 MP: 6/6
  2820 | D:4      | Became a worshipper of Gozag Ym Sagoz the Greedy
  2851 | D:4      | Reached skill level 5 in Armour
  2851 | D:4      | Reached skill level 5 in Shields
  3237 | D:5      | Entered Level 5 of the Dungeon
  3269 | D:5      | Found a runed translucent gate.
  3269 | D:5      | Found a runed translucent gate.
  3272 | D:5      | Noticed Lovchig's ghost (novice DDFi)
  3273 | D:5      | Found a runed translucent gate.
  3450 | D:5      | Found an ancient bone altar of Kikubaaqudgha.
  3730 | D:5      | Found a glowing silver altar of Zin.
  3886 | D:5      | Reached skill level 7 in Fighting
  4096 | D:6      | Found a staircase to the Ecumenical Temple.
  4348 | D:6      | Reached XP level 8. HP: 72/73 MP: 7/7
  4477 | D:6      | Noticed Maggie
  4489 | D:6      | Killed Maggie
  4598 | D:6      | Noticed Blork the orc
  4604 | D:6      | Killed Blork the orc
  4723 | D:6      | Reached skill level 8 in Fighting
  5042 | D:6      | Noticed Prince Ribbit
  5050 | D:6      | Killed Prince Ribbit
  5050 | D:6      | Reached XP level 9. HP: 64/82 MP: 8/8
  5324 | D:7      | Found a bloodstained altar of Trog.
  5580 | D:7      | Noticed a +0 hand axe
  5580 | D:7      | Noticed a +0 hand axe
  5583 | D:7      | Found a hide-covered altar of Uskayaw.
  5630 | D:7      | Found an iron altar of Okawaru.
  5667 | D:7      | Found a sacrificial altar of Ru.
  6055 | D:8      | Reached skill level 9 in Fighting
  6055 | D:8      | Reached skill level 5 in Dodging
  6246 | D:8      | Noticed Maurice
  6259 | D:8      | Killed Maurice
  6335 | D:8      | Found a staircase to the Lair.
  6511 | D:8      | Noticed Pikel
  6519 | D:8      | Killed Pikel
  6519 | D:8      | Reached skill level 10 in Fighting
  6519 | D:8      | Reached XP level 10. HP: 67/93 MP: 9/9
  6992 | D:8      | Found Ureyfaul's General Store.
  7216 | D:9      | Reached skill level 10 in Axes
  7237 | D:9      | Found a blossoming altar of Fedhas.
  7241 | D:9      | Noticed a two-headed ogre
  7260 | D:9      | Killed a two-headed ogre
  7457 | D:9      | Found a sparkling altar of Nemelex Xobeh.
  7481 | D:9      | Noticed Joseph
  7490 | D:9      | Cast into level 2 of the Abyss (Joseph)
  7512 | Abyss:2  | Found a stormy altar of Qazlal.
  7555 | Abyss:2  | Found a stormy altar of Qazlal.
  7715 | Abyss:2  | Noticed a tentacled starspawn
  7734 | Abyss:2  | Killed a tentacled starspawn
  7734 | Abyss:2  | Reached skill level 11 in Fighting
  7736 | D:9      | Escaped the Abyss
  7762 | D:9      | Killed Joseph
  7762 | D:9      | Reached XP level 11. HP: 29/102 MP: 10/10
  8576 | D:9      | Identified a scroll of acquirement
  8603 | D:10     | Entered Level 10 of the Dungeon
  8854 | D:10     | Killed an unseen horror
  9610 | D:11     | Noticed a two-headed ogre
  9618 | D:11     | Killed a two-headed ogre
  9618 | D:11     | Reached skill level 12 in Fighting
 10399 | D:11     | Reached skill level 1 in Evocations
 10737 | D:11     | Noticed Psyche
 10748 | D:11     | Killed Psyche
 11049 | D:11     | Found a staircase to the Orcish Mines.
 11338 | Orc:1    | Entered Level 1 of the Orcish Mines
 11341 | Orc:1    | Found Peklakki's Book Emporium.
 11486 | Orc:2    | Entered Level 2 of the Orcish Mines
 11493 | Orc:2    | Reached XP level 12. HP: 113/113 MP: 12/12
 11506 | Orc:2    | Noticed an orc warlord
 11692 | Orc:1    | Killed an orc warlord
 12242 | Orc:1    | Reached skill level 13 in Fighting
 12242 | Orc:1    | Reached skill level 10 in Armour
 12304 | Orc:2    | Noticed an orc high priest
 12310 | Orc:2    | Reached skill level 10 in Shields
 13033 | Orc:1    | Killed an orc high priest
 13702 | Orc:2    | Found a staircase to the Elven Halls.
 13807 | Orc:2    | Found a runed translucent gate.
 13807 | Orc:2    | Found a runed translucent gate.
 13809 | Orc:2    | Found a runed translucent gate.
 14014 | Orc:2    | Noticed Donald
 14033 | Orc:2    | Killed Donald
 14386 | Orc:2    | Found Poruphawn's Antique Armour Shop.
 14386 | Orc:2    | Found Ynuism's Antique Armour Emporium.
 14388 | Orc:2    | Found Ixiryche's Weapon Shoppe.
 14390 | Orc:2    | Found Nun Nee's Antique Armour Boutique.
 14411 | Orc:2    | Bought an encrusted plate armour for 644 gold pieces
 14421 | Orc:2    | Identified the cursed +1 plate armour "Lullasie" {Stlth+}
                  | (You bought it in a shop on level 2 of the Orcish Mines)
 14512 | Orc:2    | Noticed Prakerore's ghost (journeyman FeEE)
 14512 | Orc:2    | Noticed Yorgos's ghost (journeyman GnFi)
 14547 | Orc:1    | Noticed a stone giant
 14557 | Orc:1    | Killed a stone giant
 14804 | Orc:1    | Noticed Fannar
 14827 | Orc:1    | Killed Fannar
 15204 | Lair:1   | Entered Level 1 of the Lair of Beasts
 15265 | Lair:1   | Reached XP level 13. HP: 117/123 MP: 14/14
 15982 | Lair:1   | Reached skill level 14 in Fighting
 17367 | Lair:2   | Found a runed translucent door.
 17367 | Lair:2   | Noticed Xaosum's ghost (journeyman OgFE)
 18678 | Lair:4   | Noticed Snorg
 18699 | Lair:4   | Killed Snorg
 19059 | Lair:4   | Found a staircase to the Shoals.
 19456 | Lair:4   | You fall into a shaft and drop 2 floors!
 19456 | Lair:6   | Entered Level 6 of the Lair of Beasts
 19494 | Lair:6   | Identified the Disquisition on the Damaging Rocks
 19627 | Lair:6   | Reached skill level 5 in Evocations
 19776 | Lair:6   | Reached skill level 15 in Fighting
 20321 | Lair:6   | Reached XP level 14. HP: 135/135 MP: 16/16
 20325 | Lair:6   | Reached skill level 10 in Dodging
 20615 | Lair:6   | Reached skill level 15 in Axes
 20687 | Lair:6   | Found the ring of the Mage {Wiz MR++ Int+3}
 21299 | Lair:5   | Found a staircase to the Slime Pits.
 22433 | Lair:4   | Found a hole to the Spider Nest.
 23614 | D:13     | Reached skill level 16 in Fighting
 24308 | D:14     | Found a gate leading to a gauntlet.
 24313 | D:14     | Reached XP level 15. HP: 144/144 MP: 18/18
 24324 | D:14     | Found Nifo's Weapon Shoppe.
 24338 | Gauntlet | Entered a Gauntlet
 24338 | Gauntlet | Found a transporter.
 24338 | Gauntlet | Found a transporter.
 24342 | Gauntlet | Found a transporter.
 24342 | Gauntlet | Found a transporter.
 24351 | Gauntlet | Found a transporter.
 24370 | Gauntlet | Found a transporter.
 24380 | Gauntlet | Found a transporter.
 24380 | Gauntlet | Found a transporter.
 24404 | Gauntlet | Found a transporter.
 24411 | Gauntlet | Found a transporter.
 24423 | Gauntlet | Found a transporter.
 24443 | Gauntlet | Found a transporter.
 24477 | Gauntlet | Found a transporter.
 24491 | Gauntlet | Found a transporter.
 24593 | Gauntlet | Found a transporter.
 24609 | Gauntlet | Found a transporter.
 24989 | Gauntlet | Got a twitching pewter ring
 24998 | Gauntlet | Identified the ring of Zoaps {Ice Str+4 Int+3} (You found
                  | it in a Gauntlet)
 25346 | D:14     | Found Wikel's Jewellery Shoppe.
 25347 | D:14     | Found Ypnye's Antique Armour Emporium.
 25421 | D:14     | Identified Roxanne's Tome of Transformation
 25421 | D:14     | Noticed Roxanne
 25475 | D:14     | Found Tustubea's Distillery.
 25481 | D:14     | Bought a potion of heal wounds for 75 gold pieces
 25534 | D:14     | Got a coiled amber ring
 25558 | D:14     | Found a gate to the Vaults.
 25705 | D:14     | Noticed Rupert
 25721 | D:14     | Killed Rupert
 25848 | D:14     | Found Ecyodo's Antique Armour Emporium.
 25854 | D:14     | Bought a blackened chain mail for 313 gold pieces
 25864 | D:14     | Identified the +1 chain mail of Classification {+Fly Str+4
                  | Int-3} (You bought it in a shop on level 14 of the Dungeon)
 25877 | D:14     | Identified the ring "Wuposiat" {Fire Str-5 Int+7 Dex+2}
                  | (You found it on level 14 of the Dungeon)
 25977 | D:15     | Entered Level 15 of the Dungeon
 25996 | D:15     | Noticed Nessos
 26002 | D:15     | Killed Nessos
 26544 | D:15     | Found a staircase to the Depths.
 26544 | D:15     | Noticed a fire giant
 26554 | D:15     | Killed a fire giant
 26767 | D:15     | Noticed Jessica
 26774 | D:15     | Found a shimmering blue altar of Sif Muna.
 26802 | D:15     | Killed Jessica
 27368 | Spider:1 | Entered Level 1 of the Spider Nest
 27758 | Spider:1 | Reached skill level 17 in Fighting
 28621 | Spider:1 | Bought a scroll of enchant weapon for 150 gold pieces
 28621 | Spider:1 | Bought a tin of tremorstones (3/3) for 800 gold pieces
 28791 | Spider:2 | Reached XP level 16. HP: 155/155 MP: 20/20
 29999 | Spider:2 | Noticed Arachne
 30009 | Spider:2 | Killed Arachne
 30926 | Spider:3 | Noticed Bai Suzhen
 30955 | Spider:3 | Killed Bai Suzhen
 31083 | Spider:3 | Reached skill level 18 in Fighting
 31773 | Spider:4 | Entered Level 4 of the Spider Nest
 33241 | Spider:4 | Reached XP level 17. HP: 165/166 MP: 22/22
 33805 | Spider:4 | Got a gossamer rune of Zot
 34027 | Shoals:1 | Entered Level 1 of the Shoals
 34468 | Shoals:2 | Found Neduudiph's Jewellery Shop.
 34504 | Shoals:2 | Reached skill level 19 in Fighting
 34968 | Shoals:2 | Noticed Frances
 34975 | Shoals:2 | Killed Frances
 35446 | Shoals:3 | Noticed Kirke
 35466 | Shoals:3 | Killed Kirke
 36184 | Shoals:4 | Entered Level 4 of the Shoals
 36664 | Shoals:4 | Got a barnacled rune of Zot
 37431 | Shoals:4 | Reached XP level 18. HP: 159/178 MP: 24/24
 37558 | Shoals:4 | Reached skill level 15 in Armour
 38346 | Vaults:1 | Entered Level 1 of the Vaults
 38616 | Spider:1 | Bought an uncursed ring of protection from fire for 400
                  | gold pieces
 38891 | Vaults:1 | Reached skill level 15 in Shields
 38990 | Vaults:1 | Reached skill level 10 in Evocations
 39034 | Vaults:1 | Reached skill level 20 in Fighting
 39630 | Vaults:1 | Found Niellog's Gadget Boutique.
 39833 | Vaults:1 | Found Dupytozo's Armour Emporium.
 39938 | Vaults:1 | Identified the +7 battleaxe "Meynup" {protect, rN+ MP+9}
 40193 | Vaults:1 | Identified the ring of Arrival {rPois MR+}
 40251 | Vaults:1 | Noticed a Brimstone Fiend
 41102 | Vaults:1 | Reached XP level 19. HP: 188/188 MP: 26/26
 41111 | Vaults:1 | Noticed Aizul
 41132 | Vaults:1 | Killed Aizul
 41589 | Vaults:1 | Found Zehiam's Food Shoppe.
 41742 | Vaults:1 | Found Vixiciomm's Antique Armour Shop.
 41803 | Vaults:1 | Reached skill level 21 in Fighting
 42780 | Vaults:2 | Found a staircase to the Crypt.
 42843 | Vaults:2 | Found a runed translucent gate.
 42844 | Vaults:2 | Found a runed translucent gate.
 42845 | Vaults:2 | Found a runed translucent gate.
 42847 | Vaults:2 | Noticed Foufiw's ghost (adept DENe)
 42925 | Vaults:2 | Found Deup's Magic Scroll Boutique.
 43728 | Vaults:3 | Noticed Mennas
 43809 | Vaults:3 | Slain by Mennas

Illustrated notes

Levels and vault maps discovered:
D:1:      wander_arrival_desolate, layout_loops_ring
D:2:      layout_basic, overflow_temple_1_default, overflow_temple_1_default,
          first_ration
D:3:      layout_basic, minmay_misc_feat_plants, bh_chokoban
D:4:      layout_rooms, vehumet_statue, lemuel_round_altar,
          minmay_tree_intersection, chequers_serial_rivers_micro_a, uniq_natasha
D:5:      layout_loops_ring, old_standard_altar, overflow_temple_1_default,
          ebering_ghost_rock_garden, serial_bayou, serial_bayou_pond_d,
          serial_bayou_pond_d, serial_bayou_lagoon_a, serial_bayou_pond_e,
          serial_bayou_lake_a
D:6:      layout_loops_ring, temple_green, uniq_blork_the_orc,
          uniq_prince_ribbit1, uniq_maggie
D:7:      layout_rooms, kennysheep_little_box, dancing_weapons_uskayaw,
          basic_altar, grunt_ogre_cave, nicolae_ru_great_annihilating_truth
D:8:      layout_gridville, due_lair_maze_entry_diamond, serial_shops,
          kennysheep_mini, uniq_pikel, uniq_maurice
D:9:      layout_long_grid, nemelex_xobeh_ov_fountains_minmay,
          fedhas_bush_and_centaur_altar, uniq_joseph
D:10:     layout_irregular_city
D:11:     layout_loops_cross, orc_0_dummy, uniq_psyche
D:12:     layout_rooms
D:13:     layout_loops_cross, kennysheep_generic_room_13
D:14:     layout_cave_pools, david_vaults_1, gauntlet_entry_generic,
          grunt_decor_fettered, serial_shops, kennysheep_mini_moat, shop,
          nicolae_shop_statue_plus, shop, nicolae_shop_trees,
          kennysheep_generic_room_15, uniq_rupert, uniq_roxanne
D:15:     grunt_enter_depths_giant_problem, layout_irregular_city, tgw_sif,
          uniq_nessos
Lair:1:   layout_chaotic_city, infiniplex_staircase_pool_2
Lair:2:   layout_cave_pods, ebering_ghost_inner_flame, beast_lair_carwin_1,
          serial_bayou_shore_b, grunt_megastairs_4
Lair:3:   layout_gridlike, wad_woods_03
Lair:4:   layout_concentric_octagons, elwin_shoals_entry_stream,
          nicolae_spider_entry_non_spiders, uniq_snorg
Lair:5:   layout_small_grid, minmay_slime_entry_pillars, serial_bayou_shore_a
Lair:6:   grunt_lair_end_beastmaster, layout_regular_city
Shoals:1: layout_shoals
Shoals:2: layout_shoals, serial_shops, nicolae_shop_behind_doors, uniq_frances
Shoals:3: layout_shoals, kb_tengu_band, uniq_kirke
Shoals:4: shoals_end_hangedman, layout_shoals
Spider:1: layout_spider_delve
Spider:2: layout_chambers, guppyfry_spider_mini_1, uniq_arachne
Spider:3: layout_spider_delve, uniq_bai_suzhen
Spider:4: grunt_spider_rune_circles
Orc:1:    layout_caves, serial_shops, shop, uniq_fannar
Orc:2:    st_orc_rangers, layout_caves, gammafunk_ghost_cemetery,
          roderic_batcave, uniq_donald
Vaults:1: v_pattern_3, st_greater_box_4, v_alt_pattern_4, v_rooms_3, v_misc_29,
          vaults_room_hallway, ontoclasm_vaults_shuriken,
          nicolae_vaults_shelves_hall, vaults_room_grunt_arrival_checkpoint,
          grunt_vaults_twisty, vaults_dpeg_hooks, layout_vaults_omnibox,
          serial_shops, nicolae_shop_crystal, shop, nicolae_shop_crystal, shop,
          uniq_aizul
Vaults:2: gammafunk_vaults_ghost_split, minmay_crypt_entry_simple_round,
          hangedman_vaults_stitches, ontoclasm_vaults_claustrophobia,
          vaults_standard_mumra_lines, vaults_room_hangedman_quadrants,
          layout_vaults_chaotic_city, serial_shops, shop
Vaults:3: ebering_vaults_ghost_reflecting_pool, nicolae_vaults_three_branches,
          nicolae_vaults_mini_display_case, hangedman_vaults_slice,
          nicolae_vaults_network_s, ontoclasm_vaults_shout,
          nicolae_vaults_circle_grid_b, v_misc_11, nicolae_vaults_specimen_jars,
          v_misc_17, nicolae_vaults_network_star, vaults_room_semicircle,
          grunt_vaults_diagonal, vaults_dpeg_ring, layout_vaults_omnicross,
          basic_altar, uniq_mennas

Skill      XL: |  1  2  3  4  5  6  7  8  9 10 11 12 13 14 15 16 17 18 19 |
---------------+----------------------------------------------------------+-----
Fighting       | 4 5 6 7 8 10 11 12 13 15 16 17 18 19 20 21 | 21.6
Axes           | 3 4 5 6 7 9 11 12 13 14 16 17 18 | 18.0
Armour         | 4 5 6 7 8 9 10 11 12 13 14 15 16 | 16.3
Dodging        | 1 2 3 4 5 6 8 9 10 11 12 13 14 | 14.9
Shields        | 4 5 6 7 8 9 10 11 12 13 14 15 16 | 16.3
Evocations     | 1 3 5 6 7 8 9 10 11 | 11.3

Action                   |  1- 3 |  4- 6 |  7- 9 | 10-12 | 13-15 | 16-18 | 19-21 || total
-------------------------+-------+-------+-------+-------+-------+-------+-------++-------
Melee: War axe           |    58 |   110 |   323 |   482 |       |       |       ||   973
       Headbutt          |     9 |    19 |    57 |   148 |   265 |   284 |    58 ||   840
       Broad axe         |       |       |       |   225 |  1061 |  1198 |   330 ||  2814
Invok: Call Merchant     |       |       |       |       |     2 |       |       ||     2
Evoke: Wand              |       |       |       |     7 |    14 |     6 |       ||    27
       Tin of tremorston |       |       |       |       |       |     7 |     4 ||    11
       Box of beasts     |       |       |       |       |       |       |     2 ||     2
  Use: Scroll            |       |       |    12 |     7 |    16 |     5 |     2 ||    42
       Potion            |       |       |       |     6 |     3 |     6 |     4 ||    19
 Stab: Paralysed         |       |       |     1 |       |       |     2 |       ||     3
       Distracted        |       |       |       |     2 |     6 |     9 |     8 ||    25
       Petrified         |       |       |       |       |     1 |       |       ||     1
       Invisible         |       |       |       |       |     4 |     5 |       ||     9
  Eat: Chunk             |     1 |     5 |       |       |       |       |       ||     6
       Ration            |       |       |     4 |    12 |    12 |    12 |     3 ||    43
Armor: Scale mail        |    25 |    54 |    28 |       |       |       |       ||   107
       Chain mail        |       |       |   113 |   293 |       |       |       ||   406
       Plate armour      |       |       |       |    69 |   551 |   361 |       ||   981
       Storm dragon scal |       |       |       |       |       |    58 |    74 ||   132
Dodge: Dodged            |    17 |    41 |    96 |   310 |   418 |   229 |    47 ||  1158
Block: Kite shield       |    32 |    54 |   144 |   651 |   399 |       |       ||  1280
       Tower shield      |       |       |       |       |   624 |  1284 |   314 ||  2222
       Reflection        |       |       |       |       |     6 |    73 |    24 ||   103

Table legend:
 A = Non-vault XP
 B = Vault XP
 C = Vault XP percentage of total XP
 D = Non-vault monster count
 E = Vault monster count
 F = Vault count percentage of total count
                 A         B        C        D         E       F
            +---------+---------+-------+---------+---------+-------
      Total |  259172 |  184793 |  41.6 |     930 |     330 |  26.2
            +---------+---------+-------+---------+---------+-------
        D:1 |      41 |       0 |   0.0 |      22 |       0 |   0.0
        D:2 |     130 |       0 |   0.0 |      25 |       0 |   0.0
        D:3 |     141 |       0 |   0.0 |      16 |       0 |   0.0
        D:4 |     607 |      35 |   5.5 |      15 |       1 |   6.2
        D:5 |     447 |       0 |   0.0 |      28 |       0 |   0.0
        D:6 |     714 |     740 |  50.9 |      11 |       3 |  21.4
        D:7 |     448 |     178 |  28.4 |       8 |       5 |  38.5
        D:8 |    1011 |    2281 |  69.3 |      14 |      12 |  46.2
        D:9 |    2368 |     505 |  17.6 |      20 |       2 |   9.1
       D:10 |    2756 |       0 |   0.0 |      27 |       0 |   0.0
       D:11 |    5715 |     395 |   6.5 |      41 |       1 |   2.4
       D:12 |   10000 |       0 |   0.0 |      41 |       0 |   0.0
       D:13 |    7768 |     371 |   4.6 |      32 |       1 |   3.0
       D:14 |    3055 |    6997 |  69.6 |      13 |       8 |  38.1
       D:15 |    6874 |    2988 |  30.3 |      33 |       3 |   8.3
     Lair:1 |    4073 |       0 |   0.0 |      18 |       0 |   0.0
     Lair:2 |    4306 |    1610 |  27.2 |      21 |      13 |  38.2
     Lair:3 |    4809 |       0 |   0.0 |      23 |       0 |   0.0
     Lair:4 |    5172 |    3234 |  38.5 |      18 |      13 |  41.9
     Lair:5 |    7449 |     860 |  10.4 |      24 |       4 |  14.3
     Lair:6 |    6682 |    8929 |  57.2 |      24 |      17 |  41.5
   Shoals:1 |    5790 |       0 |   0.0 |      12 |       0 |   0.0
   Shoals:2 |    8843 |    2389 |  21.3 |      18 |       1 |   5.3
   Shoals:3 |    8547 |    4473 |  34.4 |      20 |       9 |  31.0
   Shoals:4 |   18272 |   21104 |  53.6 |      30 |      35 |  53.8
   Spider:1 |   20111 |       0 |   0.0 |      62 |       0 |   0.0
   Spider:2 |   20672 |    5322 |  20.5 |      56 |       8 |  12.5
   Spider:3 |   18337 |    5177 |  22.0 |      42 |       1 |   2.3
   Spider:4 |   16324 |   20993 |  56.3 |      41 |      34 |  45.3
      Orc:1 |    6991 |    3278 |  31.9 |      48 |      13 |  21.3
      Orc:2 |    1424 |    4280 |  75.0 |      32 |      33 |  50.8
   Vaults:1 |   30580 |   53927 |  63.8 |      55 |      61 |  52.6
   Vaults:2 |   24728 |   26265 |  51.5 |      37 |      35 |  48.6
   Vaults:3 |    1392 |    1193 |  46.2 |       1 |       2 |  66.7
    Abyss:2 |    2595 |       0 |   0.0 |       2 |       0 |   0.0
   Gauntlet |       0 |    7269 | 100.0 |       0 |      15 | 100.0
            +---------+---------+-------+---------+---------+-------
